 Dungeon Crawl Stone Soup version 0.24.0-7-gb3623d2c88 (webtiles) character file.

Game seed: 13381397085921014735, levelgen mode: deterministic

130 Aviak the Charmwright (level 4, 0/38 HPs)
             Began as a Draconian Skald on Nov 2, 2019.
             Killed from afar by an orc wizard (9 damage)
             ... with a magic dart
             ... on level 3 of the Dungeon.
             The game lasted 00:02:48 (2098 turns).

Aviak the Charmwright (Draconian Skald)             Turns: 2098, Time: 00:02:49

Health: 0/38       AC:  6    Str: 18    XL:     4   Next: 89%
Magic:  1/7        EV: 12    Int: 14    God:
Gold:   132        SH:  3    Dex: 11    Spells: 7/8 levels left

rFire    . . .     SeeInvis .   a - +0 spear
rCold    . . .     Gourm    .   n - +0 buckler
rNeg     . . .     Faith    .   (armour unavailable)
rPois    .         Spirit   .   (helmet restricted)
rElec    .         Reflect  .   g - +0 cloak
rCorr    .         Harm     .   (no gloves)
MR       .....                  (no boots)
Stlth    +.........             (no amulet)
HPRegen  0.12/turn              (no ring)
MPRegen  0.10/turn              (no ring)

@: mighty
A: unfitting armour, cold-blooded, AC +5
a: no special abilities


You were on level 3 of the Dungeon.
You were not hungry.

You visited 1 branch of the dungeon, and saw 3 of its levels.

You collected 132 gold pieces.

Inventory:

Hand Weapons
 a - a +0 spear (weapon)
Armour
 g - a +0 cloak (worn)
 k - a scarf of cloud immunity
 n - a +0 buckler (worn)
Jewellery
 m - an uncursed ring of fire
Scrolls
 d - 4 scrolls of teleportation {unknown}
 h - 3 scrolls of remove curse {unknown}
 l - a scroll of identify {unknown}
 o - a scroll of magic mapping {unknown}
 p - a scroll of blinking {unknown}
 s - 2 scrolls of amnesia {unknown}
Potions
 e - a potion of lignification {unknown}
 f - a potion of brilliance {unknown}
 i - 3 potions of might
 j - a potion of haste {unknown}
 q - a potion of resistance {unknown}
 r - a potion of degeneration {unknown}
Comestibles
 b - 4 rations


   Skills:
 + Level 3.1 Fighting
 + Level 2.9 Polearms
 + Level 2.8 Dodging
 + Level 1.0 Shields
 + Level 2.6 Spellcasting
 + Level 3.2 Charms


You had 7 spell levels left.
You knew the following spells:

 Your Spells              Type           Power        Failure   Level  Hunger
a - Infusion              Chrm           ##..         9%          1    #......

Your spell library contained the following spells:

 Spells                   Type           Power        Failure   Level  Hunger
 Song of Slaying          Chrm           ##......     13%         2    ###....
 Shroud of Golubria       Chrm/Tloc      #.....       26%         2    ###....
 Regeneration             Chrm/Necr      #.........   45%         3    ###....
 Spectral Weapon          Hex/Chrm       #.......     45%         3    ###....


Dungeon Overview and Level Annotations

Branches:
Dungeon (3/15)

Altars:
Gozag

Shops:
D:3 *


Innate Abilities, Weirdness & Mutations

Your plain brown scales are hard. (AC +5)
You cannot fit into any form of body armour.
You are cold-blooded and may be slowed by cold attacks.


Message History

* * * LOW HITPOINT WARNING * * *
It was a potion of curing.
You feel better.
c - a potion of curing;
b - 4 rations You hear some strange, mumbled words.
A magic dart appears from out of thin air!
The magic dart hits you.
* * * LOW HITPOINT WARNING * * *
You feel better. Something hits you but does no damage.
You hear some strange, mumbled words.
A puff of frost appears from out of thin air!
The puff of frost hits you!
* * * LOW HITPOINT WARNING * * *
It was a potion of might.
You feel very mighty all of a sudden. Something hits you but does no damage.
You miss something.
You hear some strange, mumbled words.
A magic dart appears from out of thin air!
The magic dart hits you!
You die...

########### #o...o.....
... #oo....o... ...
#{######### #.###+ #@#
#.#... #.# #.#... #.#
#.#...
#.#####.###########...>.
.......>................
#######.###########.....
#.# #.#... #.# #.#...
#.# #####.#...


You could see 3 orcs.

Vanquished Creatures
  A scorpion (D:3)
  An adder (D:2)
  3 worms (D:2)
  3 dart slugs
  A leopard gecko (D:1)
  2 orcs (D:3)
  5 bats
  2 giant cockroaches (D:1)
  5 goblins (D:1)
  7 hobgoblins
  3 jackals (D:2)
  2 quokkas (D:3)
  A ball python (D:1)
  5 kobolds
  10 rats
51 creatures vanquished.

Notes
Turn   | Place    | Note
-------+----------+-------------------------------------------
     0 | D:1      | Aviak the Draconian Skald began the quest for the Orb.
     0 | D:1      | Reached XP level 1. HP: 17/17 MP: 3/3
    91 | D:1      | Reached XP level 2. HP: 25/25 MP: 0/5
   618 | D:2      | Reached XP level 3. HP: 28/30 MP: 2/6
  1841 | D:3      | Reached XP level 4. HP: 37/37 MP: 7/7
  1984 | D:3      | Found Gozag's Platinum Reserve.
  1984 | D:3      | Found an opulent altar of Gozag.
  2085 | D:3      | Reached skill level 1 in Shields
  2098 | D:3      | Killed from afar by an orc wizard

Levels and vault maps discovered:
D:1:      scummos_arrival_simple_fountains, layout_basic
D:2:      layout_basic, grunt_ministairs_2
D:3:      cheibrodos_helix_gallery, layout_basic, first_ration,
          nicolae_gozag_zags_fifth_avenue

Skill      XL: |  1  2  3  4 |
---------------+-------------+-----
Charms         | 3 |  3.2
Fighting       | 3 |  3.1
Shields        | 1 |  1.0
Polearms       | |  2.9
Dodging        | |  2.8
Spellcasting   | |  2.6

Action                   |  1- 3 |  4- 6 || total
-------------------------+-------+-------++-------
Melee: Spear             |   150 |    56 ||   206
       Tailslap          |    13 |     7 ||    20
 Cast: Infusion          |     7 |     1 ||     8
  Use: Potion            |       |     3 ||     3
  Eat: Ration            |     1 |       ||     1
       Chunk             |     1 |       ||     1
Armor: Skin              |    17 |    10 ||    27
Dodge: Dodged            |    55 |    17 ||    72
Block: Buckler           |     7 |     8 ||    15
